 Dungeon Crawl Stone Soup version 0.27.1-2-g3b301248ec (webtiles) character file.

Game seed: 5691878386711532096

17735 Crownlay the Frost Mage (level 12, -7/91 HPs)
             Began as a Gnoll Ice Elementalist on Sept 23, 2021.
             Was a Believer of Uskayaw.
             Killed from afar by Fannar (27 damage)
             ... with a bolt of cold
             ... on level 12 of the Dungeon on Sept 25, 2021.
             The game lasted 00:34:01 (13391 turns).

Crownlay the Frost Mage (Gnoll Ice Elementalist)   Turns: 13391, Time: 00:34:01

Health: -7/91      AC: 15    Str: 18    XL:     12   Next: 51%
Magic:  16/25      EV: 16    Int: 20    God:    Uskayaw [**....]
Gold:   570        SH:  5    Dex: 16    Spells: 14/29 levels left

rFire    . . .     SeeInvis .   B - +6 spear "Naitioru" {elec, Fly rPois rC- Stlth+}
rCold    x . .     Faith    .   (no shield)
rNeg     . . .     Spirit   .   u - +1 robe "Areuloar" {rElec Regen+ Str+4 Dex-2}
rPois    +         Reflect  +   f - +0 helmet
rElec    +         Harm     .   (no cloak)
rCorr    .         Rampage  .   k - +0 pair of gloves
Will     .....                  (no boots)
Stlth    +++++.....             E - amulet of reflection
HPRegen  1.25/turn              A - +6 ring of dexterity
MPRegen  0.19/turn              v - +6 ring of strength

@: ice-armoured, freezing walls, flying
A: fangs 1, strong nose, distributed training
a: Renounce Religion, Stomp, Line Pass


You were on level 12 of the Dungeon.
You worshipped Uskayaw.
Uskayaw was aware of your devotion.
You visited 2 branches of the dungeon, and saw 13 of its levels.

You collected 785 gold pieces.
You spent 215 gold pieces at shops.

Inventory:

Hand Weapons
 B - the +6 spear "Naitioru" (weapon) {elec, Fly rPois rC- Stlth+}
   (You found it on level 7 of the Dungeon)

   It occasionally discharges a powerful burst of electricity upon striking a
   foe.
   rC:        It makes you vulnerable to cold.
   rPois:     It protects you from poison.
   Fly:       It grants you flight.
   Stlth:     It makes you more stealthy.
 K - the +5 trident of Hodionie {venom, rC++ rCorr}
   (You found it on level 11 of the Dungeon)

   It poisons the flesh of those it strikes.
   rC:        It greatly protects you from cold.
   rCorr:     It protects you from acid and corrosion.
Missiles
 b - a throwing net
Armour
 f - a +0 helmet (worn)
 k - a +0 pair of gloves (worn)
 u - the +1 robe "Areuloar" (worn) {rElec Regen+ Str+4 Dex-2}
   (You bought it in a shop on level 3 of the Dungeon)

   Str:       It affects your strength (+4).
   Dex:       It affects your dexterity (-2).
   rElec:     It insulates you from electricity.
   Regen:     It increases your rate of health regeneration.
 w - +0 steam dragon scales
Magical Staves
 d - a staff of death
Jewellery
 a - a ring of protection from fire
 q - a ring of fire
 v - a +6 ring of strength (right hand)
 A - a +6 ring of dexterity (left hand)
 E - an amulet of reflection (around neck)
Wands
 g - a wand of flame (48)
 o - a wand of iceblast (3)
 t - a wand of mindburst (15)
Scrolls
 e - 2 scrolls of silence
 h - a scroll of magic mapping
 i - a scroll of summoning
 j - 6 scrolls of teleportation
 m - 4 scrolls of amnesia
 n - 2 scrolls of torment
 p - 3 scrolls of enchant armour
 y - a scroll of noise
 D - 3 scrolls of fog
 J - 2 scrolls of enchant weapon
Potions
 c - 3 potions of brilliance {unknown}
 l - a potion of ambrosia {unknown}
 r - a potion of attraction {unknown}
 s - 3 potions of curing {unknown}
 x - 2 potions of heal wounds
 z - 2 potions of lignification {unknown}
 C - a potion of flight {unknown}
 F - a potion of invisibility {unknown}
 G - a potion of haste {unknown}
 H - a potion of might {unknown}
 I - a potion of resistance {unknown}
 L - 2 potions of berserk rage {unknown}


   Skills:
 + Level 7.3 Fighting
 + Level 7.3 Short Blades
 + Level 7.3 Long Blades
 + Level 7.3 Axes
 + Level 7.3 Maces & Flails
 + Level 7.3 Polearms
 + Level 7.3 Staves
 + Level 7.3 Slings
 + Level 7.3 Bows
 + Level 7.3 Crossbows
 + Level 7.3 Throwing
 + Level 7.3 Armour
 + Level 8.7 Dodging
 + Level 8.5 Stealth
 + Level 7.3 Shields
 + Level 7.3 Unarmed Combat
 + Level 9.0 Spellcasting
 + Level 6.1 Conjurations
 + Level 6.1 Hexes
 + Level 6.1 Summonings
 + Level 6.1 Necromancy
 + Level 6.1 Translocations
 + Level 6.1 Transmutations
 + Level 6.1 Fire Magic
 + Level 9.4 Ice Magic
 + Level 6.1 Air Magic
 + Level 6.1 Earth Magic
 + Level 6.1 Poison Magic
 + Level 8.1 Invocations
 + Level 7.3 Evocations


You had 14 spell levels left.
You knew the following spells:

 Your Spells              Type           Power      Damage    Failure   Level
a - Freeze                Ice            100%       1d11      1%          1
b - Frozen Ramparts       Ice            92%        1d11      1%          3
c - Ozocubu's Armour      Ice            46%        N/A       1%          3
d - Hailstorm             Conj/Ice       40%        3d10      3%          4
e - Ice Form              Ice/Tmut       40%        N/A       3%          4

Your spell library contained the following spells:

 Spells                   Type           Power      Damage    Failure   Level
 Animate Skeleton         Necr           66%        N/A       1%          1
 Sublimation of Blood     Necr           16%        N/A       1%          2
 Wereblood                Tmut           33%        N/A       1%          2
 Dazzling Flash           Conj/Hex       66%        N/A       1%          3
 Agony                    Necr           33%        N/A       17%         5
 Silence                  Hex/Air        16%        N/A       17%         5
 Summon Hydra             Summ           16%        N/A       99%         7


Dungeon Overview and Level Annotations

Branches:
Dungeon (12/15)            Temple (1/1) D:5            Lair (0/6) D:11
    Orc (0/2) D:9

Altars:
Dithmenos
Fedhas
Gozag
Hepliaklqana
Kikubaaqudgha
Makhleb
Nemelex Xobeh
Okawaru
Qazlal
Ru
Trog
Uskayaw
Vehumet
Wu Jian
Xom
Yredelemnul
Jiyva

Shops:
D:2 (   D:3 *   D:5 (   D:6 =**!   D:7 *([?(   D:8 *

Annotations:
D:12 Fannar


Innate Abilities, Weirdness & Mutations

You have very sharp teeth.
Your uncanny sense of smell can sniff out nearby items.
Your experience applies equally to all skills.


Message History

You impale the ice beast!!
Lightning courses through the ice beast!
You kill the ice beast!
The frozen ramparts melt away.
Your icy armour will break if you move.
Continue?
Your icy armour cracks and falls away as you move.
Fannar is no longer paralysed.
You are too injured to fight recklessly!
You are too injured to fight recklessly!
Casting: Ozocubu's Armour (safe; 1% risk of failure)
Confirm with . or Enter, or press ? or * to list all spells.
Casting: Frozen Ramparts (safe; 1% risk of failure)
Press: ? - help, Dir - look around, f - activate The walls around you are covered in ice.
Casting: Frozen Ramparts (safe; 1% risk of failure)
Confirm with . or Enter, or press ? or * to list all spells.
A film of ice covers your body!
Fannar completely resists.
The wall freezes Fannar but does no damage.
Fannar hits you with a +0 quarterstaff of freezing.
* * * LOW HITPOINT WARNING * * *
Fannar freezes you.
* * * LOW HITPOINT WARNING * * *
You are too injured to fight recklessly!
You barely miss Fannar. Your bite misses Fannar.
Fannar is severely wounded.
Fannar completely resists.
The wall freezes Fannar but does no damage.
Some snowflakes condense on Fannar.
Fannar hits you but does no damage.
You miss Fannar.
Fannar is severely wounded.
Fannar completely resists.
The wall freezes Fannar but does no damage.
Fannar misses you.
You barely miss Fannar.
Fannar is severely wounded.
Fannar resists.
The wall freezes Fannar.
Fannar gestures at you while chanting. The bolt of cold hits you!!
You feel a terrible chill!
You die...

##### #####...e..
#..........
#.###...... #.#
##### #@# #.# #e#
#.# #.# #.# #.#
#.# #.# #.# #.#
#.# #.# #.# #.#
#.###
#.############....


You could see Fannar.

Vanquished Creatures
  Harold (D:8)
  5 two-headed ogres
  The ghost of PeMo the Severer, a novice MiBe of Trog (D:8)
  The ghost of Borgoz the Carver, a novice MiBe of Trog (D:6)
  The ghost of PeterMcNeter the Magician, a novice DjVM (D:6)
  A manticore (D:11)
  The ghost of Neebert the Covert, a novice OpMo of Ashenzari (D:6)
  A rust devil (D:10)
  A redback zombie (D:7)
  2 hellwings (D:7)
  A harpy zombie (D:7)
  A troll (D:10)
  Grinder (D:4)
  4 hornets
  2 slime creatures (D:8)
  A shadow (D:10)
  Sigmund (D:5)
  2 wyverns
  A vampire (D:12)
  A water elemental (D:12)
  5 yaks (D:10)
  A basilisk (D:11)
  Eustachio (D:4)
  2 steam dragons
  4 vampire mosquitoes (D:11)
  An acid dragon (D:8)
  2 water moccasins
  4 orc warriors
  An ice beast (D:6)
  The ghost of Darold the Cudgeller, an amateur DrFi (D:6)
  4 centaurs
  An ogre (D:6)
  2 necrophages
  A phantom (D:6)
  A kobold brigand (D:4)
  2 bullfrogs
  2 scorpions (D:6)
  2 gnoll sergeants
  3 water moccasin skeletons
  4 wights (D:6)
  4 howler monkeys
  A bullfrog zombie (D:6)
  5 centaur zombies
  A hound (D:6)
  6 jellies
  A gnoll shaman (D:6)
  5 orc priests
  A bullfrog skeleton (D:6)
  5 centaur skeletons
  3 iguanas
  17 orc wizards
  Natasha (thrice) (D:2)
  A killer bee zombie (D:9)
  A hound skeleton (D:3)
  A howler monkey zombie (D:6)
  19 gnolls
  7 adders
  2 howler monkey skeletons
  6 shadow imps
  A white imp (D:6)
  An ufetubus (D:7)
  An adder zombie (D:3)
  3 worms
  7 dart slugs (D:1)
  32 orcs
  9 bats
  11 endoplasms
  2 giant cockroaches
  4 goblins
  5 hobgoblins
  19 jackals
  4 kobolds
  3 quokkas
  5 ball pythons
  A ball python skeleton (D:3)
  A ball python zombie (D:3)
  7 frilled lizards
  A jackal skeleton (D:3)
  2 quokka zombies (D:3)
  6 rats
288 creatures vanquished.

Vanquished Creatures (others)
  A wizard (D:9)
  An orc (D:8)
  8 withered plants
10 creatures vanquished.

Grand Total: 298 creatures vanquished

Notes
Turn   | Place    | Note
-------+----------+-------------------------------------------
     0 | D:1      | Crownlay the Gnoll Ice Elementalist began the quest for the
                  | Orb.
     0 | D:1      | Reached XP level 1. HP: 13/13 MP: 6/6
   286 | D:1      | Reached XP level 2. HP: 10/19 MP: 3/7
   668 | D:1      | Reached XP level 3. HP: 25/25 MP: 7/9
   672 | D:1      | Learned a level 3 spell: Frozen Ramparts
   676 | D:1      | Learned a level 3 spell: Ozocubu's Armour
   754 | D:1      | Reached skill level 5 in Spellcasting
   903 | D:1      | Reached skill level 1 in Invocations
  1212 | D:1      | Reached skill level 1 in Fighting
  1212 | D:1      | Reached skill level 1 in Short Blades
  1212 | D:1      | Reached skill level 1 in Long Blades
  1212 | D:1      | Reached skill level 1 in Axes
  1212 | D:1      | Reached skill level 1 in Maces & Flails
  1212 | D:1      | Reached skill level 1 in Polearms
  1212 | D:1      | Reached skill level 1 in Staves
  1212 | D:1      | Reached skill level 1 in Slings
  1212 | D:1      | Reached skill level 1 in Bows
  1212 | D:1      | Reached skill level 1 in Crossbows
  1212 | D:1      | Reached skill level 1 in Throwing
  1212 | D:1      | Reached skill level 1 in Armour
  1212 | D:1      | Reached skill level 1 in Shields
  1212 | D:1      | Reached skill level 1 in Unarmed Combat
  1212 | D:1      | Reached skill level 1 in Evocations
  1337 | D:1      | Reached XP level 4. HP: 30/32 MP: 7/11
  1549 | D:2      | Noticed Natasha
  1554 | D:2      | Killed Natasha
  1555 | D:2      | Reached skill level 1 in Conjurations
  1555 | D:2      | Reached skill level 1 in Hexes
  1555 | D:2      | Reached skill level 1 in Summonings
  1555 | D:2      | Reached skill level 1 in Necromancy
  1555 | D:2      | Reached skill level 1 in Translocations
  1555 | D:2      | Reached skill level 1 in Transmutations
  1555 | D:2      | Reached skill level 1 in Fire Magic
  1555 | D:2      | Reached skill level 1 in Air Magic
  1555 | D:2      | Reached skill level 1 in Earth Magic
  1555 | D:2      | Reached skill level 1 in Poison Magic
  1666 | D:2      | Reached XP level 5. HP: 37/37 MP: 5/12
  1809 | D:2      | Noticed Natasha
  1816 | D:2      | Killed Natasha
  2114 | D:2      | Found Zysi's Antique Weapon Shoppe.
  2235 | D:2      | Noticed Natasha
  2242 | D:2      | Killed Natasha
  2603 | D:3      | Reached XP level 6. HP: 44/44 MP: 6/13
  2659 | D:3      | Learned a level 4 spell: Hailstorm
  2660 | D:3      | Found Buxt's Assorted Antiques.
  3036 | D:3      | Found a radiant altar of Vehumet.
  3079 | D:3      | Reached skill level 5 in Dodging
  3214 | D:3      | Found a shadowy altar of Dithmenos.
  3627 | D:4      | Noticed Grinder
  3648 | D:4      | Paralysed by Grinder for 2 turns
  3668 | D:4      | Paralysed by Grinder for 4 turns
  3677 | D:4      | Paralysed by Grinder for 6 turns
  3691 | D:4      | Paralysed by Grinder for 5 turns
  3697 | D:4      | Killed Grinder
  3698 | D:4      | Reached XP level 7. HP: 22/51 MP: 1/15
  4049 | D:3      | Bought a crude robe for 165 gold pieces
  4049 | D:3      | Identified the +1 robe "Areuloar" {rElec Regen+ Str+4
                  | Dex-2} (You bought it in a shop on level 3 of the Dungeon)
  4163 | D:4      | Found an ancient bone altar of Kikubaaqudgha.
  4230 | D:4      | Noticed Eustachio
  4250 | D:4      | Killed Eustachio
  4251 | D:4      | Reached skill level 5 in Stealth
  4710 | D:5      | Entered Level 5 of the Dungeon
  4855 | D:5      | Reached XP level 8. HP: 57/57 MP: 7/16
  5101 | D:5      | Noticed Sigmund
  5128 | D:5      | Killed Sigmund
  5269 | D:5      | Found a stormy altar of Qazlal.
  5276 | D:5      | Found a blossoming altar of Fedhas.
  5336 | D:5      | Found a staircase to the Ecumenical Temple.
  5416 | Temple   | Entered the Ecumenical Temple
  5433 | Temple   | Became a worshipper of Uskayaw the Reveller
  5507 | D:5      | Found Weics's Weapon Emporium.
  5795 | D:6      | Reached * piety under Uskayaw
  5797 | D:6      | Reached ** piety under Uskayaw
  5800 | D:6      | Reached *** piety under Uskayaw
  5862 | D:6      | Reached **** piety under Uskayaw
  5885 | D:6      | Reached XP level 9. HP: 63/65 MP: 13/18
  6191 | D:6      | Reached ***** piety under Uskayaw
  6320 | D:6      | Found a runed translucent gate.
  6345 | D:6      | Found a runed translucent gate.
  6346 | D:6      | Found a runed translucent gate.
  6416 | D:6      | Found Zeck's Distillery.
  6421 | D:6      | Bought a potion of heal wounds for 50 gold pieces
  6620 | D:6      | Noticed Borgoz's ghost (novice MiBe)
  6621 | D:6      | Noticed Neebert's ghost (novice OpMo)
  6621 | D:6      | Noticed Darold's ghost (amateur DrFi)
  6621 | D:6      | Noticed PeterMcNeter's ghost (novice DjVM)
  6638 | D:6      | Killed PeterMcNeter's ghost
  6638 | D:6      | Killed Neebert's ghost
  6639 | D:6      | Reached skill level 5 in Invocations
  6639 | D:6      | Killed Darold's ghost
  6640 | D:6      | Reached XP level 10. HP: 58/73 MP: 13/20
  6689 | D:6      | Killed Borgoz's ghost
  6690 | D:6      | Reached skill level 5 in Fighting
  6690 | D:6      | Reached skill level 5 in Short Blades
  6690 | D:6      | Reached skill level 5 in Long Blades
  6690 | D:6      | Reached skill level 5 in Axes
  6690 | D:6      | Reached skill level 5 in Maces & Flails
  6690 | D:6      | Reached skill level 5 in Polearms
  6690 | D:6      | Reached skill level 5 in Staves
  6690 | D:6      | Reached skill level 5 in Slings
  6690 | D:6      | Reached skill level 5 in Bows
  6690 | D:6      | Reached skill level 5 in Crossbows
  6690 | D:6      | Reached skill level 5 in Throwing
  6690 | D:6      | Reached skill level 5 in Armour
  6690 | D:6      | Reached skill level 5 in Shields
  6690 | D:6      | Reached skill level 5 in Unarmed Combat
  6690 | D:6      | Reached skill level 5 in Evocations
  6850 | D:6      | Found Apouxihe's Jewellery Emporium.
  7295 | D:6      | Found Ahot's General Store.
  7296 | D:6      | Found Zyuq Waron's Specific Store.
  7353 | D:7      | Found Qounnirgh's Antique Weapon Shop.
  7477 | D:7      | Got Sif Muna's Grimoire of Unholy Moulding
  7500 | D:7      | Found an iron altar of Okawaru.
  7560 | D:7      | Identified the +6 spear "Naitioru" {elec, Fly rPois rC-
                  | Stlth+}
  7729 | D:7      | Reached ****** piety under Uskayaw
  7901 | D:7      | Reached XP level 11. HP: 81/81 MP: 22/22
  8000 | D:7      | Found Syukh's Magic Scroll Boutique.
  8028 | D:7      | Found a sparkling altar of Nemelex Xobeh.
  8107 | D:7      | Found Iproru's Antique Armour Shop.
  8451 | D:7      | Found Tach's General Store.
  8473 | D:7      | Noticed a two-headed ogre
  8488 | D:7      | Killed a two-headed ogre
  8489 | D:7      | Reached skill level 5 in Conjurations
  8489 | D:7      | Reached skill level 5 in Hexes
  8489 | D:7      | Reached skill level 5 in Summonings
  8489 | D:7      | Reached skill level 5 in Necromancy
  8489 | D:7      | Reached skill level 5 in Translocations
  8489 | D:7      | Reached skill level 5 in Transmutations
  8489 | D:7      | Reached skill level 5 in Fire Magic
  8489 | D:7      | Reached skill level 5 in Air Magic
  8489 | D:7      | Reached skill level 5 in Earth Magic
  8489 | D:7      | Reached skill level 5 in Poison Magic
  8609 | D:7      | Found a shimmering altar of Xom.
  8610 | D:7      | Found a sacrificial altar of Ru.
  8702 | D:7      | Found Losif's Weapon Shoppe.
  9127 | D:8      | Noticed Harold
  9141 | D:8      | Killed Harold
  9529 | D:8      | Found an opulent altar of Gozag.
  9533 | D:8      | Found Gozag's Platinum Reserve.
  9602 | D:8      | Found a runed translucent gate.
  9602 | D:8      | Found a runed translucent gate.
  9602 | D:8      | Found a runed translucent gate.
  9605 | D:8      | Found a viscous altar of Jiyva.
  9605 | D:8      | Noticed PeMo's ghost (novice MiBe)
  9652 | D:8      | Killed PeMo's ghost
  9838 | D:9      | Found a bloodstained altar of Trog.
  9843 | D:9      | Noticed a wizard
  9848 | D:9      | Killed a wizard
 10055 | D:9      | Found a basalt altar of Yredelemnul.
 10226 | D:9      | Noticed a two-headed ogre
 10233 | D:9      | Killed a two-headed ogre
 10509 | D:9      | Found a staircase to the Orcish Mines.
 11061 | D:9      | Learned a level 4 spell: Ice Form
 11144 | D:10     | Entered Level 10 of the Dungeon
 11152 | D:10     | Paralysed by a hornet for 1 turns
 11288 | D:10     | Reached XP level 12. HP: 73/89 MP: 18/24
 11638 | D:10     | Found a burning altar of Makhleb.
 12103 | D:11     | Found a staircase to the Lair.
 12265 | D:11     | Noticed a two-headed ogre
 12280 | D:11     | Killed a two-headed ogre
 12671 | D:11     | Identified the +5 trident of Hodionie {venom, rC++ rCorr}
 12742 | D:11     | Noticed a two-headed ogre
 12750 | D:11     | Killed a two-headed ogre
 13041 | D:12     | Noticed a two-headed ogre
 13047 | D:12     | Killed a two-headed ogre
 13362 | D:12     | Noticed Fannar
 13391 | D:12     | Killed from afar by Fannar

Illustrated notes

Levels and vault maps discovered:
D:1:      saegor_arrival_miasma, layout_basic, serial_bayou_pond_a,
          minmay_misc_feat_ornament, minmay_split_cup_small
D:2:      layout_basic, serial_shops, shop_fountains, grunt_ministairs_3,
          uniq_natasha
D:3:      layout_basic, overflow_temple_1_default, lemuel_doored_altar,
          serial_shops, nicolae_shop_overgrown_old_shop, serial_undead,
          serial_undead_c, serial_undead_c, serial_undead_e, serial_undead_a,
          hangedman_decor_slide_cut, guppyfry_early_lair_pool
D:4:      layout_layer_cave, mainiacjoe_overflow_cross_hatched, uniq_eustachio,
          uniq_grinder
D:5:      layout_basic, grunt_temple_overflow_forces_of_nature,
          minmay_temple_entry_large_hall, serial_shops, kennysheep_little_box,
          uniq_sigmund
D:6:      minmay_recursive_quarters, layout_basic, gammafunk_ghost_cemetery,
          serial_shops, shop, kennysheep_mini_moat, nicolae_specific_store,
          grunt_ministairs_14, hangedman_decor_clover_reticule,
          hex_intersection, kennysheep_generic_room_12
D:7:      cheibrodos_grave_circle, layout_cave_pods, nemelex_spade_bored_becter,
          okawaru_ov_weapons_minmay, mainiacjoe_overflow_divided_tiny,
          serial_shops, nicolae_shop_overgrown_old_shop, shop,
          nicolae_square_shop, nicolae_shop_overgrown_old_shop,
          nicolae_shop_crystal
D:8:      layout_basic, nicolae_gozag_zags_fifth_avenue, gammafunk_ghost_ooze,
          uniq_harold
D:9:      layout_basic, trog_wizard, lemuel_crystal_altar, hiddenorc1_lemuel,
          lemuel_another_geyser
D:10:     layout_roguey, demons_altar, serial_glass, glass_columns_a,
          glass_columns_c, glass_columns_b, glass_columns_a, glass_columns_a,
          glass_columns_c
D:11:     layout_roguey, lair_entry_dummy, minmay_crystal_room
D:12:     layout_basic, amcnicky_mini_pool_small, grunt_ministairs_11,
          uniq_fannar, uniq_josephine, uniq_jorgrun, uniq_maurice
Temple:   pf_slime_end_temple

Skill      XL: |  1  2  3  4  5  6  7  8  9 10 11 12 |
---------------+-------------------------------------+-----
Spellcasting   | 5 6 7 8 9 |  9.0
Invocations    | 1 2 3 4 5 6 7 8 |  8.1
Fighting       | 1 2 3 4 5 6 7 |  7.3
Short Blades   | 1 2 3 4 5 6 7 |  7.3
Long Blades    | 1 2 3 4 5 6 7 |  7.3
Axes           | 1 2 3 4 5 6 7 |  7.3
Maces & Flails | 1 2 3 4 5 6 7 |  7.3
Polearms       | 1 2 3 4 5 6 7 |  7.3
Staves         | 1 2 3 4 5 6 7 |  7.3
Slings         | 1 2 3 4 5 6 7 |  7.3
Bows           | 1 2 3 4 5 6 7 |  7.3
Crossbows      | 1 2 3 4 5 6 7 |  7.3
Throwing       | 1 2 3 4 5 6 7 |  7.3
Armour         | 1 2 3 4 5 6 7 |  7.3
Shields        | 1 2 3 4 5 6 7 |  7.3
Unarmed Combat | 1 2 3 4 5 6 7 |  7.3
Evocations     | 1 2 3 4 5 6 7 |  7.3
Conjurations   | 1 2 3 4 5 6 |  6.1
Hexes          | 1 2 3 4 5 6 |  6.1
Summonings     | 1 2 3 4 5 6 |  6.1
Necromancy     | 1 2 3 4 5 6 |  6.1
Translocations | 1 2 3 4 5 6 |  6.1
Transmutations | 1 2 3 4 5 6 |  6.1
Fire Magic     | 1 2 3 4 5 6 |  6.1
Air Magic      | 1 2 3 4 5 6 |  6.1
Earth Magic    | 1 2 3 4 5 6 |  6.1
Poison Magic   | 1 2 3 4 5 6 |  6.1
Dodging        | 5 6 7 8 |  8.7
Stealth        | 5 6 7 8 |  8.5
Ice Magic      | 8 9 |  9.4

Action                   |  1- 3 |  4- 6 |  7- 9 | 10-12 || total
-------------------------+-------+-------+-------+-------++-------
Melee: Unarmed           |    20 |       |       |       ||    20
       Staff             |     1 |    90 |   224 |   475 ||   790
       Bite              |       |     5 |    22 |    74 ||   101
       Punch             |       |     1 |     2 |    24 ||    27
       Spear             |       |       |       |    83 ||    83
 Cast: Freeze            |    37 |    76 |    26 |    13 ||   152
       Frozen Ramparts   |     3 |    15 |    31 |    64 ||   113
       Ozocubu's Armour  |       |     6 |    15 |    42 ||    63
       Hailstorm         |       |       |     1 |    12 ||    13
       Ice Form          |       |       |       |     1 ||     1
Evoke: Wand              |       |     4 |       |     3 ||     7
  Use: Scroll            |       |       |       |    12 ||    12
 Stab: Paralysed         |       |       |     8 |    38 ||    46
       Sleeping          |       |       |     1 |     3 ||     4
       Distracted        |       |       |       |     1 ||     1
Armor: Robe              |     6 |    50 |    72 |   437 ||   565
Dodge: Dodged            |    59 |   158 |   232 |   694 ||  1143
Block: Other             |       |       |       |    51 ||    51
       Reflection        |       |       |       |     3 ||     3
